 Dungeon Crawl Stone Soup version 0.24.0-13-gcf9b319 (webtiles) character file.

Game seed: 15382578474157992088, levelgen mode: deterministic

3390 Bronimir the Chopper (level 9, 0/68 HPs)
             Began as a Demonspawn Gladiator on Apr 10, 2020.
             Was an Elder of Nemelex Xobeh.
             Shot with an arrow by a centaur warrior (16 damage)
             ... on level 8 of the Dungeon.
             The game lasted 00:15:43 (9251 turns).

Bronimir the Chopper (Demonspawn Gladiator)         Turns: 9251, Time: 00:15:44

Health: 0/68       AC: 17    Str: 23    XL:     9   Next: 74%
Magic:  0/11       EV: 13    Int:  9    God:    Nemelex Xobeh [****..]
Gold:   450        SH:  0    Dex: 13    Spells: 5/13 levels left

rFire    . . .     SeeInvis .   a - +1 war axe
rCold    . . .     Gourm    .   (no shield)
rNeg     . . .     Faith    +   E - +5 ring mail {rPois}
rPois    +         Spirit   +   c - +2 helmet
rElec    +         Reflect  .   l - scarf {Spirit}
rCorr    .         Harm     .   (no gloves)
MR       .....                  y - +0 pair of boots
Stlth    ++........             z - amulet of faith
HPRegen  0.21/turn              (no ring)
MPRegen  0.12/turn              B - ring of stealth

@: mighty, lightly drained
A: claws 2, iridescent scales 1, blink, clumsy 1, low mp 1, electricity
resistance, rot immunity
a: Blink, Draw Escape, Draw Destruction, Draw Summoning, Triple Draw, Deal Four,
Renounce Religion


You were on level 8 of the Dungeon.
You worshipped Nemelex Xobeh.
Nemelex Xobeh was greatly pleased with you.
You were hungry.

You visited 1 branch of the dungeon, and saw 8 of its levels.

You collected 450 gold pieces.

Inventory:

Hand Weapons
 a - a +1 war axe (weapon)
 b - a +0 shortbow
 v - a +0 war axe
 w - a +0 hunting sling
Missiles
 d - 3 throwing nets (quivered)
 e - 298 stones
 j - 199 arrows
 m - 136 sling bullets
 D - 46 bolts
Armour
 c - a +2 helmet (worn)
 l - a scarf of spirit shield (worn)
 y - a +0 pair of boots (worn)
 E - a +5 ring mail of poison resistance (worn)
 I - the +4 ring mail "Astueh" {rF- rN+++ Int+7}
   (You found it on level 6 of the Dungeon)

   It affects your intelligence (+7).
   It makes you vulnerable to fire.
   It renders you almost immune to negative energy.
Jewellery
 t - an uncursed amulet of rage
 x - an uncursed amulet of magic regeneration
 z - an amulet of faith (around neck)
 B - a ring of stealth (right claw)
 K - an uncursed ring of protection from magic {unknown}
 L - a +4 ring of evasion {unknown}
Wands
 o - a wand of paralysis (7)
 u - a wand of flame (22)
 G - a wand of enslavement (3)
Scrolls
 h - 2 scrolls of fog {unknown}
 k - 4 scrolls of teleportation
 n - a scroll of brand weapon {unknown}
 q - 4 scrolls of remove curse
 r - 5 scrolls of identify
 C - 2 scrolls of amnesia
 H - a scroll of magic mapping {unknown}
 J - a scroll of blinking {unknown}
Potions
 g - 2 potions of might
 i - 2 potions of heal wounds {unknown}
 p - a potion of magic {unknown}
 s - a potion of invisibility {unknown}
 A - 2 potions of lignification {unknown}
 F - 2 potions of mutation
 M - a potion of curing
Comestibles
 f - 14 rations


   Skills:
 * Level 5.3(5.0) Fighting
 + Level 7.3(7.0) Axes
 + Level 2.6(2.3) Bows
 + Level 2.0(1.7) Throwing
 * Level 5.2(4.9) Armour
 + Level 4.2(3.9) Dodging
 * Level 2.6(2.4) Spellcasting
 * Level 3.1(2.8) Summonings
 * Level 3.3(3.0) Necromancy
 * Level 5.5(5.2) Invocations


You had 5 spell levels left.
You knew the following spells:

 Your Spells              Type           Power        Failure   Level  Hunger
a - Animate Skeleton      Necr           N/A          14%         1    ##.....
b - Call Imp              Summ           #.......     22%         2    ###....
c - Blink                 Tloc           N/A          58%         2    ###....
d - Call Canine Familiar  Summ           #.......     41%         3    ####...

Your spell library contained the following spells:

 Spells                   Type           Power        Failure   Level  Hunger
 Summon Small Mammal      Summ           #...         16%         1    ##.....
 Apportation              Tloc           #.....       43%         1    ##.....
 Confusing Touch          Hex            #.....       43%         1    ##.....
 Magic Dart               Conj           #...         43%         1    ##.....
 Slow                     Hex            #.......     58%         2    ###....
 Summon Guardian Golem    Hex/Summ       #.......     63%         3    ####...
 Conjure Flame            Conj/Fire      #.......     82%         3    ####...
 Mephitic Cloud           Conj/Pois/Air  #.......     82%         3    ####...
 Summon Ice Beast         Ice/Summ       #.......     95%         4    #####..
 Summon Lightning Spire   Summ/Air       #.......     95%         4    #####..


Dungeon Overview and Level Annotations

Branches:
Dungeon (8/15)             Temple (0/1) D:7
   Lair: D:8-11

Altars:
Cheibriados
Elyvilon
Kikubaaqudgha
Makhleb
Nemelex Xobeh
Okawaru
Ru
Sif Muna
Yredelemnul
Zin
The Shining One


Innate Abilities, Weirdness & Mutations

You have very sharp fingernails.
You are partially covered in iridescent scales. (AC +2)
You are immune to rotting.
You can translocate small distances at will.
You are clumsy. (Dex -2)
Your magical capacity is low. (-10% MP)
You are resistant to electric shocks. (rElec)


Message History

A vampire mosquito comes into view.
The centaur warrior hits you.
You slash the cyclops!
The cyclops is moderately wounded.
You closely miss the centaur warrior. The centaur warrior barely misses you.
Your crimson imp blinks!
The centaur warrior hits you. The cyclops hits you!
* * * LOW HITPOINT WARNING * * *
You swap places.
The centaur warrior wields a +0 shortbow.
The centaur warrior shoots an arrow.
The arrow hits your crimson imp!
Your crimson imp hits the centaur warrior but does no damage.
You hear an angry buzzing noise.
You see here 2 arrows.
The centaur warrior shoots an arrow.
The arrow hits your crimson imp!!
Your crimson imp dies!
The cyclops throws a large rock.
The large rock barely misses you.
The centaur warrior shoots an arrow.
The arrow hits you!
You die...
Your body glows slightly and disappears. ##[):## #.###.. ## .=8:. #....## #.# [Cc

#...###.. #.##.# ...###...# #.#(#
.###...... .### ###.#.#
###....###.
..#####..c#########..........
....##.##C((...##.^.#.#####..
.....#...##.@..#..###.......#
#.>..##...5##(##.......###...
#.....###....##...####.....#.
#####...#.##.##..##...####.#####.
#..........#...###....#....####..
#..........##...##.##.+.......#.#
#...........###.#..##.#....####.#
#.....)...#.##.##.###.#....# #.#
#.....)...#..#.#..###.#...## #.#


You could see a centaur warrior, a cyclops and a friendly crimson imp.

Vanquished Creatures
  A wyvern (D:8)
  Menkaure (D:7)
  An orc warrior (D:6)
  2 black bears (D:7)
  2 ogres
  A phantom (D:5)
  3 centaurs
  A crocodile (D:7)
  A big kobold (D:8)
  4 bullfrogs
  The ghost of belegose the Ducker, an amateur FeAK of Lugonu (D:3)
  5 killer bees (D:7)
  7 wights
  A bullfrog zombie (D:7)
  A crimson imp (D:6)
  A jelly (D:5)
  5 orc priests
  A hound (D:8)
  7 orc wizards
  3 bullfrog skeletons
  3 iguanas
  A worker ant (D:7)
  A hound zombie (D:7)
  4 hound skeletons
  A howler monkey zombie (D:3)
  A worker ant zombie (D:8)
  Robin (D:3)
  13 adders
  3 oozes
  An adder skeleton (D:3)
  A worm (D:2)
  A dart slug (D:1)
  2 leopard geckos
  43 orcs
  6 giant cockroaches
  13 goblins
  9 hobgoblins
  19 jackals
  6 quokkas
  A ball python (D:1)
  6 bats
  2 frilled lizards (D:2)
  A jackal skeleton (D:2)
  13 kobolds
  4 rats
205 creatures vanquished.

Vanquished Creatures (others)
  Joseph (D:7)
  A wight (D:6)
  2 ball lightnings
  A leopard gecko zombie (D:3)
5 creatures vanquished.

Grand Total: 210 creatures vanquished

Notes
Turn   | Place    | Note
-------+----------+-------------------------------------------
     0 | D:1      | Bronimir the Demonspawn Gladiator began the quest for the
                  | Orb.
     0 | D:1      | Reached XP level 1. HP: 16/16 MP: 1/1
   278 | D:1      | Reached skill level 3 in Axes
   279 | D:1      | Gained mutation: You have sharp fingernails. [demonic
                  | ancestry]
   279 | D:1      | Reached XP level 2. HP: 16/22 MP: 2/2
  1090 | D:2      | Reached XP level 3. HP: 26/27 MP: 3/3
  1178 | D:2      | Reached skill level 1 in Armour
  1321 | D:2      | Reached XP level 4. HP: 30/34 MP: 4/4
  1557 | D:2      | Found a faded altar of an unknown god.
  1589 | D:2      | Reached skill level 4 in Axes
  1686 | D:2      | Became a worshipper of Nemelex Xobeh the Trickster
  1686 | D:2      | Received a gift from Nemelex Xobeh
  1686 | D:2      | Reached * piety under Nemelex Xobeh
  2122 | D:3      | Received a gift from Nemelex Xobeh
  2186 | D:3      | Gained mutation: You have very sharp fingernails. [demonic
                  | ancestry]
  2186 | D:3      | Reached XP level 5. HP: 26/39 MP: 5/5
  2265 | D:3      | HP: 1/39 [orc (1)]
  2521 | D:3      | Noticed Robin
  2537 | D:3      | Killed Robin
  2603 | D:3      | Reached skill level 1 in Invocations
  2778 | D:3      | Found a basalt altar of Yredelemnul.
  2780 | D:3      | Noticed a profane servitor
  2785 | D:3      | Found a glowing golden altar of the Shining One.
  2787 | D:3      | Noticed an angel
  2811 | D:3      | Found a runed translucent gate.
  2811 | D:3      | Found a runed translucent gate.
  2812 | D:3      | Found a runed translucent gate.
  2821 | D:3      | Noticed belegose's ghost (amateur FeAK)
  2846 | D:3      | Gained mutation: You are partially covered in iridescent
                  | scales. (AC +2) [demonic ancestry]
  2846 | D:3      | Reached XP level 6. HP: 30/46 MP: 6/6
  3044 | D:3      | Gained mutation: You evolve. [potion of mutation]
  3044 | D:3      | Gained mutation: Scrolls take you a little longer to read.
                  | [potion of mutation]
  3044 | D:3      | Gained mutation: You are agile. (Dex +2) [potion of
                  | mutation]
  3044 | D:3      | Gained mutation: You expend magic power (3 MP) to
                  | strengthen your wands. [potion of mutation]
  3314 | D:3      | Reached ** piety under Nemelex Xobeh
  3349 | D:3      | Received a gift from Nemelex Xobeh
  3449 | D:3      | Killed belegose's ghost
  3449 | D:3      | Reached skill level 5 in Axes
  4214 | D:4      | Reached XP level 7. HP: 19/52 MP: 8/8
  4817 | D:5      | Entered Level 5 of the Dungeon
  4842 | D:5      | Received a gift from Nemelex Xobeh
  4964 | D:5      | Found a glowing silver altar of Zin.
  4993 | D:5      | Reached skill level 6 in Axes
  5267 | D:5      | Lost mutation: You are agile. (Dex +2) [potion of mutation]
  5267 | D:5      | Lost mutation: You expend magic power (3 MP) to strengthen
                  | your wands. [potion of mutation]
  5267 | D:5      | Lost mutation: Scrolls take you a little longer to read.
                  | [potion of mutation]
  5267 | D:5      | Lost mutation: You evolve. [potion of mutation]
  5267 | D:5      | Gained mutation: You are resistant to electric shocks.
                  | (rElec) [potion of mutation]
  5267 | D:5      | Gained mutation: Your magical capacity is low. (-10% MP)
                  | [potion of mutation]
  5267 | D:5      | Gained mutation: You are clumsy. (Dex -2) [potion of
                  | mutation]
  5267 | D:5      | Gained mutation: You can translocate small distances at
                  | will. [potion of mutation]
  5393 | D:5      | Received a gift from Nemelex Xobeh
  5402 | D:5      | Reached *** piety under Nemelex Xobeh
  6059 | D:5      | Found an ancient bone altar of Kikubaaqudgha.
  6062 | D:5      | Found a burning altar of Makhleb.
  6065 | D:5      | Learned a level 1 spell: Animate Skeleton
  6068 | D:5      | Learned a level 2 spell: Call Imp
  6070 | D:5      | Found a shimmering blue altar of Sif Muna.
  6142 | D:6      | Gained mutation: You are immune to rotting. [demonic
                  | ancestry]
  6142 | D:6      | Reached XP level 8. HP: 47/60 MP: 9/9
  6298 | D:6      | Reached skill level 1 in Necromancy
  6433 | D:6      | Reached skill level 1 in Summonings
  6442 | D:6      | Reached skill level 1 in Spellcasting
  6622 | D:6      | Found a white marble altar of Elyvilon.
  7009 | D:6      | Found a basalt altar of Yredelemnul.
  7034 | D:6      | Received a gift from Nemelex Xobeh
  7140 | D:6      | Received a gift from Nemelex Xobeh
  7188 | D:6      | Got an obsidian-encrusted ring mail
  7199 | D:6      | Identified the +4 ring mail "Astueh" {rF- rN+++ Int+7} (You
                  | found it on level 6 of the Dungeon)
  7242 | D:7      | Noticed Menkaure
  7248 | D:7      | Killed Menkaure
  7248 | D:7      | Reached skill level 7 in Axes
  7265 | D:7      | Reached skill level 1 in Bows
  7315 | D:7      | Reached XP level 9. HP: 33/67 MP: 6/10
  7783 | D:7      | Noticed Joseph
  7790 | D:7      | Killed Joseph
  7790 | D:7      | Reached skill level 5 in Fighting
  7794 | D:7      | Learned a level 2 spell: Blink
  7798 | D:7      | Learned a level 3 spell: Call Canine Familiar
  7920 | D:7      | Reached **** piety under Nemelex Xobeh
  8041 | D:7      | Reached skill level 5 in Invocations
  8045 | D:7      | Found an iron altar of Okawaru.
  8045 | D:7      | Found a sacrificial altar of Ru.
  8300 | D:7      | Found a snail-covered altar of Cheibriados.
  8689 | D:7      | Found a staircase to the Ecumenical Temple.
  8801 | D:8      | Reached skill level 5 in Armour
  8856 | D:8      | Received a gift from Nemelex Xobeh
  9236 | D:8      | Noticed a centaur warrior
  9238 | D:8      | Noticed a cyclops
  9251 | D:8      | Shot with an arrow by a centaur warrior

Levels and vault maps discovered:
D:1:      lightli_arrival_noodles, layout_loops_corners, st_stairs_13,
          kennysheep_nondescript
D:2:      layout_basic, chequers_ecumenical_altar_simple, minmay_misc_feat_doors
D:3:      wander_river, layout_basic, grunt_temple_overflow_holy_war,
          first_ration, gammafunk_ghost_necromancy, uniq_robin
D:4:      layout_basic
D:5:      layout_gridville, grunt_temple_overflow_cloverleaf
D:6:      layout_rooms, elyvilon_altar_4, basic_altar
D:7:      layout_cave_pods, cheibrodos_worm_habitat,
          nicolae_overflow_hidden_temple, minmay_temple_entry_poolview,
          grunt_decor_resistance, uniq_joseph, uniq_menkaure
D:8:      minmay_the_grid_four_pointed_star
          [minmay_the_grid_triangle_9x9_dagger,
          minmay_the_grid_triangle_9x9_thin_v,
          minmay_the_grid_triangle_9x9_semitri,
          minmay_the_grid_triangle_9x9_odd_lines,
          minmay_the_grid_prize_diamond_cup], layout_basic,
          kennysheep_mini_moat, uniq_grum, uniq_harold, uniq_pikel

Skill      XL: |  1  2  3  4  5  6  7  8  9 |
---------------+----------------------------+-----
Axes           | 3 4 5 6 7 |  7.3
Throwing       | 2 |  2.0
Armour         | 1 2 3 4 5 |  5.2
Dodging        | 3 4 |  4.2
Invocations    | 1 2 3 4 5 |  5.5
Fighting       | 3 4 5 |  5.3
Necromancy     | 2 3 |  3.3
Summonings     | 2 3 |  3.1
Spellcasting   | 1 2 |  2.6
Bows           | 1 2 |  2.6

Action                   |  1- 3 |  4- 6 |  7- 9 || total
-------------------------+-------+-------+-------++-------
Melee: War axe           |   104 |   198 |   307 ||   609
 Fire: Shortbow          |       |       |    92 ||    92
 Cast: Call Imp          |       |       |     3 ||     3
 Abil: Draw Destruction  |       |     6 |    17 ||    23
       Draw Escape       |       |       |     2 ||     2
  Use: Potion            |       |     4 |     2 ||     6
       Scroll            |       |     6 |     3 ||     9
 Stab: Sleeping          |     1 |       |     2 ||     3
  Eat: Chunk             |     1 |     9 |    10 ||    20
       Ration            |       |       |     2 ||     2
Armor: Leather armour    |     8 |       |    43 ||    51
       Ring mail         |    26 |    31 |    77 ||   134
       Scale mail        |       |    61 |    67 ||   128
Dodge: Dodged            |    87 |   162 |   293 ||   542
